 Dungeon Crawl Stone Soup version 0.31-a0-1027-gfb7600b534 (webtiles) character file.

Game seed: 13123214026635742248

331 Gynju the Shooter (level 6, -1/48 HPs)
             Began as a Demonspawn Hunter on Nov 18, 2023.
             Slain by a wraith (10 damage)
             ... in an ossuary.
             The game lasted 00:04:15 (3041 turns).

Gynju the Shooter (Demonspawn Hunter)               Turns: 3041, Time: 00:04:16

Health: -1/48      AC:  5    Str: 11    XL:     6   Next: 26%
Magic:  6/6        EV: 15    Int: 11    God:
Gold:   133        SH:  0    Dex: 18    Spells: 5/5 levels left

rFire   x . .        a - +0 shortbow
rCold   + . .        (shield currently unavailable)
rNeg    . . .        c - +0 leather armour
rPois   .            m - +1 hat
rElec   .            (no cloak)
rCorr   .            (no gloves)
SInv    .            k - +0 pair of boots
Will    .....        (no amulet)
Stlth   ++           r - ring of ice
HPRegen 0.28/turn    (no ring)
MPRegen 0.10/turn

%: no passive effects
@: slowed, very slow
A: repulsion field 1, foul stench 1, spiny 1
a: no special abilities


You were in an ossuary.
You visited 1 branch of the dungeon, and saw 4 of its levels.
You also visited: Ossuary.

You collected 133 gold pieces.

Inventory:

Hand Weapons
 a - a +0 shortbow (weapon)
Armour
 c - a +0 leather armour (worn)
 k - a +0 pair of boots (worn)
 m - a +1 hat (worn)
Jewellery
 r - a ring of ice (left hand)
 t - an amulet of regeneration
Wands
 j - a wand of polymorph (9)
Scrolls
 b - 2 scrolls of butterflies
 e - a scroll of fog {unknown}
 g - 9 scrolls of identify {unknown}
 i - 2 scrolls of amnesia {unknown}
 l - 2 scrolls of teleportation {unknown}
 n - a scroll of blinking {unknown}
 p - a scroll of fear {unknown}
 q - a scroll of vulnerability {unknown}
Potions
 d - a potion of enlightenment {unknown}
 f - 2 potions of mutation {unknown}
 h - 3 potions of curing {unknown}
 o - a potion of ambrosia {unknown}
 s - a potion of brilliance {unknown}


   Skills:
 + Level 3.6 Fighting
 * Level 5.5 Ranged Weapons
 + Level 3.3 Dodging
 - Level 0.8 Stealth


You had 5 spell levels left.
You didn't know any spells.
Your spell library contained the following spells:

 Spells                   Type           Power      Damage    Failure   Level
 Sandblast                Erth           0%         2d4       43%         1
 Passwall                 Tmut/Erth      0%         N/A       56%         2
 Frozen Ramparts          Ice            0%         1d1       80%         3
 Ozocubu's Armour         Ice            0%         N/A       80%         3
 Stone Arrow              Conj/Erth      0%         3d7       80%         3
 Brom's Barrelling Bould  Conj/Erth      0%         2d3       99%         4
 Petrify                  Tmut/Erth      0%         N/A       99%         4
 Metabolic Englaciation   Hex/Ice        0%         N/A       100%        5
 Ozocubu's Refrigeration  Ice            0%         4d7       100%        7


Dungeon Overview and Level Annotations

Branches:
Dungeon (4/15)            Ossuary (1/1)
 Temple: D:4-7

Altars:


Innate Abilities, Weirdness & Mutations

You are surrounded by a mild repulsion field. (EV +2)
You may rarely emit foul miasma when damaged in melee.
You are partially covered in sharp spines.


Message History

You shoot an arrow.
The arrow hits the wraith but does no damage.
The wraith is moderately damaged.
The wraith hits you. The wraith drains your vigour!
You feel as though you will be slow longer.
The wraith is struck by your spines. The wraith closely misses you.
You shoot an arrow. The arrow barely misses the wraith.
The wraith hits you but does no damage. x2
You shoot an arrow. The arrow barely misses the wraith.
The wraith hits you but does no damage.
You shoot an arrow. The arrow closely misses the wraith.
The wraith misses you. x2
You shoot an arrow. The arrow barely misses the wraith.
The wraith hits you. The wraith drains your vigour!
You feel as though you will be slow longer.
The wraith misses you.
You shoot an arrow. The arrow closely misses the wraith.
The wraith is struck by your spines. The wraith hits you!
The wraith drains your vigour!
You feel as though you will be slow longer.
The wraith barely misses you.
You shoot an arrow. The arrow hits the wraith.
The wraith is moderately damaged.
The wraith hits you but does no damage. The wraith is struck by your spines.
The wraith misses you.
You shoot an arrow. The arrow hits the wraith.
The wraith is severely damaged.
The wraith is struck by your spines. The wraith completely misses you.
You shoot an arrow. The arrow closely misses the wraith.
The wraith hits you but does no damage. The wraith hits you.
The wraith drains your vigour!
You feel as though you will be slow longer.
You shoot an arrow. The arrow hits the wraith.
The wraith is severely damaged.
The wraith hits you!
* * * LOW HITPOINT WARNING * * *
The wraith drains your vigour!
You feel as though you will be slow longer.
The wraith barely misses you.
You shoot an arrow. The arrow barely misses the wraith.
The wraith hits you!
You die...

...#####...
.##...##. .
##.!!!.## . ..
..!!!!. .. ...
.?!?. ... #...
... ...# .
#...##W##...# ...
#....@....#
....#####'#####..
.................
.................
########'''######
####...# #..'...+
#..#...# ####...#


You could see a wraith.

Vanquished Creatures
  A water moccasin (D:4)
  A hound (D:4)
  Natasha (D:2)
  An orc wizard (D:2)
  A mummy (Ossuary)
  5 adders
  2 worms
  A dart slug (D:1)
  2 orcs (D:3)
  3 endoplasms
  3 giant cockroaches
  7 goblins
  7 hobgoblins
  3 jackals (D:2)
  11 kobolds
  3 quokkas
  8 ball pythons
  9 bats
  4 frilled lizards (D:1)
  4 kobold skeletons (Ossuary)
  5 orc skeletons (Ossuary)
  5 rats
87 creatures vanquished.

Notes
Turn   | Place    | Note
-------+----------+-------------------------------------------
     0 | D:1      | Gynju the Demonspawn Hunter began the quest for the Orb.
     0 | D:1      | Reached XP level 1. HP: 16/16 MP: 1/1
    72 | D:1      | Gained mutation: You are partially covered in sharp spines.
                  | [demonic ancestry]
    72 | D:1      | Reached XP level 2. HP: 22/22 MP: 2/2
   220 | D:1      | Reached skill level 4 in Ranged Weapons
   430 | D:1      | Found a faded altar of an unknown god.
   576 | D:1      | Gained mutation: You are surrounded by a mild repulsion
                  | field. (EV +2) [demonic ancestry]
   576 | D:1      | Reached XP level 3. HP: 28/28 MP: 3/3
  1565 | D:2      | Noticed Natasha
  1578 | D:2      | Killed Natasha
  1579 | D:2      | Reached XP level 4. HP: 29/34 MP: 4/4
  2108 | D:2      | Gained mutation: You may rarely emit foul miasma when
                  | damaged in melee. [demonic ancestry]
  2108 | D:2      | Reached XP level 5. HP: 21/41 MP: 5/5
  2682 | D:4      | Reached skill level 5 in Ranged Weapons
  2828 | D:4      | Noticed a water moccasin
  2838 | D:4      | Killed a water moccasin
  2839 | D:4      | Reached XP level 6. HP: 32/47 MP: 6/6
  2955 | D:4      | Found a sand-covered staircase.
  2964 | Ossuary  | Entered an ossuary
  2964 | Ossuary  | Noticed a wraith
  2964 | Ossuary  | Noticed a wraith
  2964 | Ossuary  | Noticed a wraith
  3019 | Ossuary  | Noticed a wraith
  3041 | Ossuary  | Slain by a wraith

Illustrated notes

Levels and vault maps discovered:
D:1:      sevenhm_arrival_forest_fort_small_3, layout_basic,
          ebering_ecumenical_altar_hall, wander_ebering_terrifying_dragon_lair
D:2:      layout_basic, uniq_natasha
D:3:      layout_basic
D:4:      layout_layer_cave, temple_statues, chequers_ossuary_entry_cave,
          uniq_pikel, uniq_blork_the_orc, uniq_sigmund
Ossuary:  ossuary_due_mausoleum

Skill      XL: |  1  2  3  4  5 |
---------------+----------------+-----
Dodging        | 2 3 |  3.3
Ranged Weapons | 4 5 |  5.5
Fighting       | 3 |  3.6
Stealth        | |  0.8

Action                     |  1- 3 |  4- 6 || total
---------------------------+-------+-------++-------
   Fire: Shortbow          |    97 |   172 ||   269
 Armour: Leather armour    |    17 |    34 ||    51
  Dodge: Dodged            |    13 |    49 ||    62

Table legend: (Time is in decaauts)
 A = Elapsed time spent in this place.
 B = Non-inter-level travel time spent in this place.
 C = Inter-level travel time spent in this place.
 D = Time resting spent in this place.
 E = Time spent auto-exploring this place.
 F = Levels seen in this place.
 G = Mean time per level.
                   A        B        C        D        E       F      G
               +--------+--------+--------+--------+--------+-----+--------+
         Total |   3107 |   2974 |    133 |      0 |   2398 |   5 |  621.4 |
       Dungeon |   3013 |   2880 |    133 |      0 |   2369 |   4 |  753.2 |
       Ossuary |     93 |     93 |      0 |      0 |     29 |   1 |   93.0 |
               +--------+--------+--------+--------+--------+-----+--------+

Top non-repeatable levels by time:
     D:2: 1341 daAuts
     D:1: 742 daAuts
     D:3: 635 daAuts
     D:4: 294 daAuts
 Ossuary: 93 daAuts
